[Event "17th Memorial Lezcano Montalvo 2025"]
[Site "Gran Canaria"]
[Date "2025.04.17"]
[Round "6.43"]
[White "Ludishev, Artem"]
[Black "Fernandez De La Hoz A., Carlos"]
[Result "1-0"]
[Annotator "NA RC"]
[ECO "B07"]
[WhiteElo "1874"]
[BlackElo "1687"]
[PlyCount "71"]
[EventDate "2025.04.13"]
[EventType "swiss"]
[EventCountry "ESP"]
[SourceTitle "playchess.com"]
[Source "ChessBase"]
[SourceQuality "1"]
[TimeControl "5400+30"]

1. e4 d6 2. d4 Nf6 3. Nc3 c6 4. f3 g6 5. Be3 Bg7 6. Qd2 h6 7. g4 Nbd7 8. Nge2 b5 9. Ng3 b4 10. Nce2 Nb6 11. Nc1 a5 12. a3 bxa3 13. Rxa3 a4 14. c4 h5 15. g5 Ng8 16. h4 Bb7 17. Bd3 Ba6 18. Qc2 Qc7 19. Nce2 c5 20. d5 Rb8 21. Ra2 Kd7 22. Rxa4 Ra8 23. Ra2 e6 24. O-O exd5 25. exd5 Ne7 26. Rfa1 Bb7 27. f4 Rag8 28. f5 f6 29. fxg6 fxg5 30. Bf5+ Kd8 31. Bxg5 Rf8 32. Nf4 Ke8 33. Ne6 Bd4+ 34. Kh2 Qb8 35. Re1 Be5 36. Rxe5 1-0

[Event "17th Memorial Lezcano Montalvo 2025"]
[Site "Gran Canaria"]
[Date "2025.04.17"]
[Round "6.45"]
[White "Zhang, Ying Jun Xiong"]
[Black "Juan Miguel, Javier"]
[Result "0-1"]
[Annotator "NA RC"]
[ECO "E12"]
[WhiteElo "2015"]
[BlackElo "1803"]
[PlyCount "78"]
[EventDate "2025.04.13"]
[EventType "swiss"]
[EventCountry "ESP"]
[SourceTitle "playchess.com"]
[Source "ChessBase"]
[SourceQuality "1"]
[TimeControl "5400+30"]

1. c4 e6 2. Nc3 d5 3. d4 Nf6 4. Bg5 Be7 5. Nf3 O-O 6. e3 b6 7. Bd3 Bb7 8. O-O Nbd7 9. h3 c5 10. cxd5 exd5 11. Re1 Ne4 12. Bxe7 Qxe7 13. Nd2 f5 14. f3 Nxd2 15. Qxd2 cxd4 16. exd4 Qb4 17. Bc2 g6 18. Bb3 Nf6 19. Qh6 Qxd4+ 20. Kh1 Rae8 21. Rad1 Qc5 22. Qg5 Kg7 23. Rxe8 Rxe8 24. Qh4 b5 25. Qf4 Re7 26. Qd4 Re1+ 27. Kh2 Qd6+ 28. f4 Rxd1 29. Bxd1 a6 30. Bf3 Kf7 31. g3 Qc6 32. Qe5 Ne4 33. a3 Qb6 34. Nxd5 Qf2+ 35. Bg2 Qxg3+ 36. Kg1 Bxd5 37. Qxd5+ Kg7 38. Qe5+ Kh6 39. Qc5 Nxc5 0-1

[Event "17th Memorial Lezcano Montalvo 2025"]
[Site "Gran Canaria"]
[Date "2025.04.17"]
[Round "6.46"]
[White "Marrero Rodriguez, Jorge"]
[Black "Fernandez Hernandez, Javier"]
[Result "1-0"]
[Annotator "RC"]
[ECO "D51"]
[WhiteElo "2251"]
[BlackElo "1689"]
[PlyCount "39"]
[EventDate "2025.04.13"]
[EventType "swiss"]
[EventCountry "ESP"]
[SourceTitle "playchess.com"]
[Source "ChessBase"]
[SourceQuality "1"]
[TimeControl "5400+30"]

1. d4 d5 2. c4 e6 3. Nc3 Nf6 4. Bg5 c6 5. e3 Nbd7 6. Bd3 dxc4 7. Bxc4 b5 8. Bb3 a6 9. f4 Qb6 10. Nf3 Bb7 11. O-O c5 12. Kh1 cxd4 13. exd4 Bd6 14. d5 O-O-O 15. dxe6 fxe6 16. Bxe6 Kb8 17. Nd5 Nxd5 18. Bxd8 Ne3 19. Bxb6 Nxd1 20. Bxd7 1-0

[Event "17th Memorial Lezcano Montalvo 2025"]
[Site "Gran Canaria"]
[Date "2025.04.17"]
[Round "6.47"]
[White "Bangiev, Katharina"]
[Black "Valido Ramos, Adrian"]
[Result "1/2-1/2"]
[Annotator "NA RC"]
[ECO "B15"]
[WhiteElo "1848"]
[BlackElo "1667"]
[PlyCount "132"]
[EventDate "2025.04.13"]
[EventType "swiss"]
[EventCountry "ESP"]
[SourceTitle "playchess.com"]
[Source "ChessBase"]
[SourceQuality "1"]
[TimeControl "5400+30"]

1. e4 c6 2. d4 d5 3. Nc3 dxe4 4. Nxe4 Nf6 5. Nxf6+ exf6 6. c3 Bd6 7. Bd3 O-O 8. Qc2 Re8+ 9. Ne2 h5 10. O-O h4 11. h3 Nd7 12. Be3 Nf8 13. c4 Bc7 14. b4 Qd6 15. Bf4 Rxe2 16. Bxd6 Rxc2 17. Bxc7 Rc3 18. Rad1 Ne6 19. Bd6 Nxd4 20. Bh7+ Kxh7 21. Rxd4 g5 22. Be7 Kg6 23. f4 Re3 24. Bd8 Bf5 25. c5 Re4 26. Rd6 Re6 27. Rd2 Rb8 28. a4 b6 29. cxb6 axb6 30. a5 bxa5 31. bxa5 c5 32. fxg5 fxg5 33. Rd5 Be4 34. Rxg5+ Kh6 35. Bc7 Kxg5 36. Bxb8 f5 37. Bf4+ Kg6 38. Ra1 Ba8 39. Kf2 Re4 40. Be3 Rc4 41. Rc1 Rxc1 42. Bxc1 Bb7 43. g3 Kh5 44. Bf4 c4 45. Be5 Kg5 46. Bf4+ Kh5 47. Bd2 Bc8 48. Kf3 hxg3 49. Kxg3 f4+ 50. Bxf4 Bb7 51. Bd2 Bc8 52. Be1 Bb7 53. h4 Bc8 54. Kf3 c3 55. Ke3 c2 56. Kd2 Bf5 57. a6 Be4 58. a7 Kh6 59. Kc1 Kh5 60. Kb2 Kg4 61. Bf2 Kh5 62. Bg3 Kg4 63. Kc1 Kh5 64. Kd2 Kg4 65. Kc1 Kh5 66. Bf2 Kg4 1/2-1/2

[Event "17th Memorial Lezcano Montalvo 2025"]
[Site "Gran Canaria"]
[Date "2025.04.17"]
[Round "6.48"]
[White "Roca Marrero, Fernando"]
[Black "Schmitz, Manuela"]
[Result "1/2-1/2"]
[Annotator "NA RC"]
[ECO "D02"]
[WhiteElo "1617"]
[BlackElo "1815"]
[PlyCount "128"]
[EventDate "2025.04.13"]
[EventType "swiss"]
[EventCountry "ESP"]
[SourceTitle "playchess.com"]
[Source "ChessBase"]
[SourceQuality "1"]
[TimeControl "5400+30"]

1. d4 d5 2. Bf4 Nf6 3. Nd2 e6 4. e3 Be7 5. h3 O-O 6. Ngf3 b6 7. Bd3 Bb7 8. O-O Nbd7 9. Qe2 c5 10. c3 Nh5 11. Bh2 f5 12. Ne5 Nxe5 13. dxe5 g6 14. f4 c4 15. Bc2 b5 16. Nf3 Bc5 17. Nd4 Bxd4 18. exd4 Qh4 19. Qe3 a6 20. Rf3 Kh8 21. g3 Qxh3 22. Bd1 Ng7 23. g4 Qxg4+ 24. Rg3 Qh4 25. Rh3 Qe7 26. Kf2 b4 27. Be2 Rf7 28. Rg1 Kg8 29. Bg3 Ne8 30. Bh4 Qd7 31. Qg3 bxc3 32. bxc3 Bc6 33. Rgh1 Ra7 34. Bg5 Ba4 35. Rh6 Bc2 36. Qh4 Be4 37. Rxg6+ Kh8 38. Rg1 Rg7 39. Rxg7 Nxg7 40. Bf6 Qe8 41. Rxg7 Rxg7 42. Bh5 Qf8 43. Bg6 Kg8 44. Bxg7 Qxg7 45. Qd8+ Qf8 46. Bxh7+ Kg7 47. Qxf8+ Kxf8 48. Bg6 Bb1 49. a3 Bc2 50. Bh5 a5 51. Kg3 Ke7 52. Kh4 Bb3 53. Kg5 Bc2 54. Kh4 Bb3 55. Kg3 Bc2 56. Kf2 Bb3 57. Ke1 Kf8 58. Bd1 Bxd1 59. Kxd1 Kg7 60. Ke2 Kh6 61. Kf3 Kh5 62. Kg3 Kg6 63. a4 Kh5 64. Kh3 Kg6 1/2-1/2

[Event "17th Memorial Lezcano Montalvo 2025"]
[Site "Gran Canaria"]
[Date "2025.04.17"]
[Round "6.49"]
[White "Vargas Tinoco, Martin Alonso"]
[Black "Cabrera Martel, Isaac"]
[Result "1/2-1/2"]
[Annotator "NA RC"]
[ECO "D00"]
[WhiteElo "1811"]
[BlackElo "1655"]
[PlyCount "132"]
[EventDate "2025.04.13"]
[EventType "swiss"]
[EventCountry "ESP"]
[SourceTitle "playchess.com"]
[Source "ChessBase"]
[SourceQuality "1"]
[TimeControl "5400+30"]

1. d4 Nf6 2. Bf4 d5 3. e3 e6 4. Nd2 Bd6 5. Bg3 O-O 6. Bd3 c5 7. c3 Qc7 8. f4 cxd4 9. cxd4 Nc6 10. Rc1 Qb6 11. Qb3 Qxb3 12. Nxb3 Ng4 13. Ke2 Ne7 14. h3 Nf6 15. Nf3 Ne4 16. Bxe4 dxe4 17. Nfd2 f5 18. Nc4 Bc7 19. Rhd1 Nd5 20. Be1 Bd8 21. Ne5 Be7 22. a3 Rd8 23. Nc5 b6 24. Na4 Ba6+ 25. Kf2 Bb7 26. Nc6 Rdc8 27. Nxe7+ Nxe7 28. Bb4 Nd5 29. Nc3 Nxc3 30. Bxc3 Bd5 31. g4 Rc6 32. Kg3 Rac8 33. h4 g6 34. h5 Kg7 35. hxg6 hxg6 36. Rh1 Rh8 37. Rxh8 Kxh8 38. Rh1+ Kg7 39. Kh4 Kf6 40. Kg3 Kg7 41. Rh2 a5 42. Kh3 Kf6 43. Be1 Rc8 44. Bh4+ Kf7 45. Kg3 a4 46. Bg5 Kg7 47. Be7 Rc6 48. Kh4 Kf7 49. Bd8 Rc8 50. Bxb6 Rh8+ 51. Kg3 Rxh2 52. Kxh2 Bb3 53. Kg3 Kf6 54. Kh4 Bd1 55. Bd8+ Kf7 56. gxf5 gxf5 57. Kg3 Bb3 58. Kf2 Ke8 59. Ba5 Kd7 60. Ke1 Kc6 61. Kd2 Kb5 62. Bc3 Kc4 63. Ke2 Kd5 64. Bb4 Kc4 65. Kf2 Kd3 66. Bc3 Kc4 1/2-1/2

[Event "17th Memorial Lezcano Montalvo 2025"]
[Site "Gran Canaria"]
[Date "2025.04.17"]
[Round "6.50"]
[White "Delgado Armas, Francisco David"]
[Black "Sanchez Montesdeoca, Isaac"]
[Result "0-1"]
[Annotator "NA RC"]
[ECO "B80"]
[WhiteElo "1608"]
[BlackElo "1807"]
[PlyCount "44"]
[EventDate "2025.04.13"]
[EventType "swiss"]
[EventCountry "ESP"]
[SourceTitle "playchess.com"]
[Source "ChessBase"]
[SourceQuality "1"]
[TimeControl "5400+30"]

1. e4 c5 2. Nf3 d6 3. d4 cxd4 4. Nxd4 Nf6 5. Nc3 Nc6 6. f3 Bd7 7. Be3 e6 8. Qd2 Be7 9. O-O-O a6 10. h4 b5 11. g4 b4 12. Nce2 a5 13. Nf4 a4 14. Bb5 Nxd4 15. Bxd7+ Nxd7 16. Nh5 Nb3+ 17. cxb3 axb3 18. axb3 Ra1+ 19. Kc2 Qc8+ 20. Kd3 Qa6+ 21. Kd4 Qb6+ 22. Kc4 Ne5# 0-1

[Event "17th Memorial Lezcano Montalvo 2025"]
[Site "Gran Canaria"]
[Date "2025.04.17"]
[Round "6.51"]
[White "Trocoli Romero, Luis Dingyu"]
[Black "Oramas Medina, Miguel"]
[Result "1/2-1/2"]
[Annotator "NA RC"]
[ECO "D10"]
[WhiteElo "1599"]
[BlackElo "1796"]
[PlyCount "90"]
[EventDate "2025.04.13"]
[EventType "swiss"]
[EventCountry "ESP"]
[SourceTitle "playchess.com"]
[Source "ChessBase"]
[SourceQuality "1"]
[TimeControl "5400+30"]

1. d4 d5 2. c4 c6 3. Bf4 dxc4 4. e3 b5 5. a4 Bf5 6. Nf3 e6 7. Be2 Nf6 8. O-O Bd6 9. Bxd6 Qxd6 10. axb5 cxb5 11. b3 Qc7 12. bxc4 bxc4 13. Qa4+ Nbd7 14. Qxc4 Qxc4 15. Bxc4 O-O 16. Nbd2 Rfb8 17. Nh4 Ne4 18. Ndf3 Nd6 19. Nxf5 Nxc4 20. Ne7+ Kf8 21. Nc6 Rb7 22. Rfc1 Ndb6 23. Na5 Nxa5 24. Rxa5 Rc8 25. Rxc8+ Nxc8 26. g3 f6 27. Nd2 Nd6 28. Ra6 Ke7 29. Kg2 Kd7 30. Kg1 Kc7 31. Kg2 Kd7 32. Kf3 Nc8 33. Nc4 Rb4 34. Nd2 Rb6 35. Ra2 Kc7 36. Ne4 Kb8 37. Nc5 Ka8 38. Ke2 Ne7 39. Kd2 Nd5 40. e4 Ne7 41. Ke3 f5 42. f3 Ng6 43. h4 Nh8 44. Ra6 Rxa6 45. Nxa6 g6 1/2-1/2

[Event "17th Memorial Lezcano Montalvo 2025"]
[Site "Gran Canaria"]
[Date "2025.04.17"]
[Round "6.52"]
[White "Garcia Almeida, Valeria"]
[Black "Reinoso Andre, Lazaro Javier"]
[Result "1-0"]
[Annotator "NA COMBH"]
[ECO "A33"]
[WhiteElo "1582"]
[BlackElo "1796"]
[PlyCount "63"]
[EventDate "2025.04.13"]
[EventType "swiss"]
[EventCountry "ESP"]
[SourceTitle "playchess.com"]
[Source "ChessBase"]
[SourceQuality "1"]
[TimeControl "5400+30"]

1. c4 c5 2. Nc3 Nc6 3. g3 e6 4. Bg2 Nf6 5. e4 Be7 6. Nge2 O-O 7. O-O d6 8. d4 cxd4 9. Nxd4 Qb6 10. Nf3 Rd8 11. Qe2 d5 12. exd5 exd5 13. cxd5 Nxd5 14. Nxd5 Rxd5 15. Nd2 Re5 16. Qd1 Be6 17. Nf3 Rd8 18. Qa4 Re2 19. Be3 Bc5 20. Bxc5 Qxc5 21. Rac1 Qb6 22. Ng5 Rdd2 23. Qf4 h6 24. Nxe6 fxe6 25. Bh3 Nd4 26. Bg4 e5 27. Rc8+ Kh7 28. Bf5+ Nxf5 29. Qxf5+ Qg6 30. Rh8+ Kxh8 31. Qxg6 Rxb2 32. Rc1 1-0

[Event "17th Memorial Lezcano Montalvo 2025"]
[Site "Gran Canaria"]
[Date "2025.04.17"]
[Round "6.53"]
[White "Sanchez Ramirez, Gustavo"]
[Black "Hernandez De Armas, Leonardo"]
[Result "1/2-1/2"]
[Annotator "NA RC"]
[ECO "D02"]
[WhiteElo "1780"]
[BlackElo "1645"]
[PlyCount "82"]
[EventDate "2025.04.13"]
[EventType "swiss"]
[EventCountry "ESP"]
[SourceTitle "playchess.com"]
[Source "ChessBase"]
[SourceQuality "1"]
[TimeControl "5400+30"]

1. b3 d5 2. Nf3 Nc6 3. d4 Bf5 4. e3 Nf6 5. Ba3 g6 6. c4 Bxb1 7. Rxb1 Bg7 8. Bd3 O-O 9. O-O Re8 10. Re1 e5 11. dxe5 Nxe5 12. Nxe5 Rxe5 13. Bb2 Re8 14. cxd5 Qxd5 15. Bc4 Qa5 16. Qf3 Qb6 17. Rbd1 Qc6 18. Qxc6 bxc6 19. Bxf6 Bxf6 20. Rd7 Re7 21. Red1 Rae8 22. f4 Rxd7 23. Rxd7 Re7 24. Rxe7 Bxe7 25. g4 Kf8 26. e4 g5 27. f5 f6 28. Kg2 Bd6 29. h3 h6 30. Kf3 Be5 31. Ke2 Ke7 32. Kd3 Kd6 33. b4 c5 34. b5 c6 35. a4 cxb5 36. axb5 Bd4 37. Bd5 Kc7 38. Kc4 Kb6 39. Bf7 a6 40. bxa6 Kxa6 41. Be8 Ka5 1/2-1/2

[Event "17th Memorial Lezcano Montalvo 2025"]
[Site "Gran Canaria"]
[Date "2025.04.17"]
[Round "6.54"]
[White "Rodriguez Trujillo, Cristian"]
[Black "Velasquez Vargas, Sebastian"]
[Result "0-1"]
[Annotator "NA RC"]
[ECO "C56"]
[WhiteElo "1562"]
[BlackElo "1777"]
[PlyCount "99"]
[EventDate "2025.04.13"]
[EventType "swiss"]
[EventCountry "ESP"]
[SourceTitle "playchess.com"]
[Source "ChessBase"]
[SourceQuality "1"]
[TimeControl "5400+30"]

1. e4 e5 2. Nf3 Nc6 3. d4 exd4 4. Bc4 Nf6 5. O-O Be7 6. Re1 d6 7. h3 Ne5 8. Bb3 Nxf3+ 9. Qxf3 O-O 10. Bf4 Be6 11. e5 Bxb3 12. exf6 Bxf6 13. Qxb3 Rb8 14. Nd2 Re8 15. Nf3 Rxe1+ 16. Rxe1 Qd7 17. Bg5 Bxg5 18. Nxg5 b6 19. Qd3 g6 20. Qxd4 c5 21. Qf6 Re8 22. Rxe8+ Qxe8 23. Qf3 Qe1+ 24. Kh2 Qe5+ 25. Qg3 Qxb2 26. Qxd6 Kg7 27. Qd5 Qf6 28. Ne4 Qf4+ 29. g3 Qb8 30. Nd6 Qf8 31. Qe5+ f6 32. Ne8+ Kf7 33. Nxf6 h5 34. Nh7 Qc8 35. Ng5+ Kg8 36. Qe6+ Qxe6 37. Nxe6 b5 38. Nxc5 a5 39. a4 bxa4 40. Nxa4 Kf7 41. Kg2 Ke6 42. Kf3 Ke5 43. Ke3 g5 44. f4+ Kf5 45. fxg5 Kxg5 46. c4 Kf5 47. g4+ hxg4 48. hxg4+ Kxg4 49. Ke4 Kg5 50. Ke5 0-1

[Event "17th Memorial Lezcano Montalvo 2025"]
[Site "Gran Canaria"]
[Date "2025.04.17"]
[Round "6.55"]
[White "Rossello Padron, Carlos"]
[Black "Cattani, Cloe"]
[Result "1-0"]
[Annotator "NA RC"]
[ECO "A01"]
[WhiteElo "1776"]
[BlackElo "1614"]
[PlyCount "73"]
[EventDate "2025.04.13"]
[EventType "swiss"]
[EventCountry "ESP"]
[SourceTitle "playchess.com"]
[Source "ChessBase"]
[SourceQuality "1"]
[TimeControl "5400+30"]

1. b3 e5 2. Bb2 Nc6 3. e3 Nf6 4. c4 d5 5. cxd5 Nxd5 6. Bb5 Bd6 7. Nf3 Bd7 8. Bxc6 Bxc6 9. Nxe5 Bb5 10. Nc4 Nb4 11. d4 Qg5 12. Kf1 Bc6 13. e4 Bxe4 14. f3 Bd3+ 15. Kf2 O-O-O 16. Nxd6+ Rxd6 17. Bc3 Rg6 18. g3 Re8 19. Re1 Rge6 20. f4 Qd5 21. Re5 Rxe5 22. fxe5 Bc2 23. Qg4+ Kb8 24. Bxb4 Qh1 25. Be1 Qxh2+ 26. Ke3 Qg1+ 27. Kd2 Qg2+ 28. Qe2 Qc6 29. Nc3 Bg6 30. Rc1 f6 31. d5 Qb6 32. Bf2 Qb4 33. e6 Qa3 34. Kd1 Bf7 35. Nb5 Qb4 36. Qc4 Qxc4 37. Rxc4 1-0

[Event "17th Memorial Lezcano Montalvo 2025"]
[Site "Gran Canaria"]
[Date "2025.04.17"]
[Round "6.56"]
[White "Martin Gonzalez, Lucas"]
[Black "Cappelle, Cedric"]
[Result "0-1"]
[Annotator "NA COMBH"]
[ECO "C00"]
[WhiteElo "1547"]
[BlackElo "1774"]
[PlyCount "70"]
[EventDate "2025.04.13"]
[EventType "swiss"]
[EventCountry "ESP"]
[SourceTitle "playchess.com"]
[Source "ChessBase"]
[SourceQuality "1"]
[TimeControl "5400+30"]

1. e4 e6 2. d3 d5 3. Nd2 Nf6 4. g3 Nc6 5. Bg2 Bc5 6. c3 e5 7. exd5 Nxd5 8. Ne4 Bb6 9. Nf3 O-O 10. O-O Bg4 11. h3 Bh5 12. g4 Bg6 13. Re1 f5 14. gxf5 Bxf5 15. a3 Qd7 16. c4 Bxh3 17. cxd5 Bxg2 18. Kxg2 Qg4+ 19. Ng3 Ne7 20. Rxe5 Ng6 21. Rg5 Nh4+ 22. Kf1 Qh3+ 23. Ke2 Nxf3 24. Qh1 Rae8+ 25. Be3 Qxh1 26. Rxh1 Nxg5 27. d6 cxd6 28. d4 Bxd4 29. Nf5 Rxf5 30. f4 Rxe3+ 31. Kd2 Rxf4 32. a4 Rf2+ 33. Kd1 Rxb2 34. a5 Ra3 35. a6 Ra1# 0-1